MLB
NEW YORK (N) METS @ ST. LOUIS CARDINALS
06/16/2041
 
TOP OF THE 1ST
New York (N) Mets batting - Pitching for St. Louis Cardinals : RHP Walt Boisson
Pitching: RHP Walt Boisson
Batting: SHB Dave Coffman 0-0: Ball
1-0: Fly out, F7 (Line Drive, 7, EV 90.0 MPH)
Batting: LHB José González 0-0: Ball
1-0: Ball
2-0: Called Strike
2-1: DOUBLE (Flyball, 78D, EV 103.1 MPH)
Batting: LHB Danny Kerr 0-0: Called Strike
José González steals 3rd base (no throw)
Pinch Runner at 3rd José Núñez: 0-1: Ball
1-1: Called Strike
1-2: DOUBLE (Flyball, 8RXD, EV 95.6 MPH)
José Núñez scores
Batting: LHB Joel Wright 0-0: Called Strike
0-1: Called Strike
0-2: SINGLE (Line Drive, 8LS, EV 97.5 MPH)
Danny Kerr to third
Runner from 3rd tries for Home, SAFE, throw by CF to home
Joel Wright to second
Batting: RHB Ottavio Attene 0-0: Fly out, F7 (Flyball, 7, EV 86.9 MPH)
Batting: LHB Jim Bond 0-0: Called Strike
0-1: Ball
1-1: Ball
2-1: Ball
3-1: Called Strike
3-2: Base on Balls
Batting: LHB Isaac Miller 0-0: Ground out 5-3 (Groundball, 56S, EV 68.8 MPH)
Top of the 1st over - 2 runs, 3 hits, 0 errors, 2 left on base; New York (N) 2 - St. Louis 0
BOTTOM OF THE 1ST
St. Louis Cardinals batting - Pitching for New York (N) Mets : RHP Steve Holland
Pitching: RHP Steve Holland
Now in LF: José Núñez
Batting: SHB Bob Wright 0-0: Ground out 3-1 (Groundball, 34S, EV 94.4 MPH)
Batting: LHB Sexto Córdova 0-0: Ball
1-0: Ball
2-0: Swinging Strike
2-1: Ball
3-1: Base on Balls
Batting: LHB José Esparza 0-0: Called Strike
0-1: Ball
1-1: Ball
2-1: Ball
3-1: Swinging Strike
3-2: Base on Balls
Sexto Córdova to second
Batting: RHB Ed Johnson 0-0: Called Strike
0-1: Called Strike
0-2: Strikes out swinging
Batting: LHB Les Dufour 0-0: Called Strike
0-1: Called Strike
0-2: Ball
1-2: Foul Ball, location: 7LMF
1-2: Ground out 5-3 (Groundball, 56S, EV 61.3 MPH)
Bottom of the 1st over - 0 runs, 0 hits, 0 errors, 2 left on base; New York (N) 2 - St. Louis 0
TOP OF THE 2ND
New York (N) Mets batting - Pitching for St. Louis Cardinals : RHP Walt Boisson
Batting: RHB Steve Robinson 0-0: Fly out, F9 (Flyball, 89S, EV 81.3 MPH)
Batting: SHB Alfredo Vega 0-0: Called Strike
0-1: Foul Ball, location: 7LMF
0-2: Fly out, F7 (Flyball, 7D, EV 107.5 MPH)
Batting: SHB Dave Coffman 0-0: Ball
1-0: Ball
2-0: DOUBLE (Line Drive, 8RXD, EV 106.3 MPH)
Batting: LHB José Núñez 0-0: Ball
1-0: Fly out, F9 (Flyball, 89D, EV 106.9 MPH)
Top of the 2nd over - 0 runs, 1 hit, 0 errors, 1 left on base; New York (N) 2 - St. Louis 0
BOTTOM OF THE 2ND
St. Louis Cardinals batting - Pitching for New York (N) Mets : RHP Steve Holland
Batting: RHB Joe Silver 0-0: Called Strike
0-1: Ball
1-1: SINGLE (Groundball, 6M, EV 106.9 MPH) (infield hit)
Batting: SHB Pepe Robles 0-0: Called Strike
0-1: Called Strike
Joe Silver steals 2nd base
0-2: Ball
1-2: Foul Ball, location: 2F
1-2: Ball
2-2: Ball
3-2: Base on Balls
Batting: RHB Chris Alexander 0-0: Ball
1-0: SINGLE (Line Drive, 7S, EV 85.6 MPH)
Joe Silver to third
Pepe Robles to second
Batting: RHB Joel Farmer 0-0: Fly out, F8 (Line Drive, 8LS, EV 91.9 MPH)
Runner from 3rd tags up, SCORES, throw by CF
Batting: SHB Bob Wright 0-0: Called Strike
0-1: Swinging Strike
0-2: Ball
1-2: Foul Ball, location: 9LDF
1-2: Grounds into double play, 4-6-3 (Groundball, 4, EV 88.8 MPH)
Bottom of the 2nd over - 1 run, 2 hits, 0 errors, 1 left on base; New York (N) 2 - St. Louis 1
TOP OF THE 3RD
New York (N) Mets batting - Pitching for St. Louis Cardinals : RHP Walt Boisson
Batting: LHB Danny Kerr 0-0: Called Strike
0-1: Ball
1-1: Ball
2-1: Foul Ball, location: 7LMF
2-2: Fly out, F7 (Flyball, 8LS, EV 93.1 MPH)
Batting: LHB Joel Wright 0-0: Ball
1-0: Called Strike
1-1: Swinging Strike
1-2: Foul Ball, location: 5SF
1-2: Hit by Pitch
Batting: RHB Ottavio Attene 0-0: Called Strike
0-1: Swinging Strike
0-2: Ball
1-2: Ball
2-2: Ball
3-2: SINGLE (Line Drive, 78M, EV 100.0 MPH)
Joel Wright to second
Batting: LHB Jim Bond 0-0: Ball
1-0: Ball
2-0: Ball
3-0: Base on Balls
Joel Wright to third
Ottavio Attene to second
Batting: LHB Isaac Miller 0-0: Fly out, F7 (Flyball, 78S, EV 93.8 MPH)
Batting: RHB Steve Robinson 0-0: Called Strike
0-1: Ball
1-1: DOUBLE (Groundball, 5L, EV 100.6 MPH)
Joel Wright scores
Ottavio Attene scores
Jim Bond to third
Runner from 3rd tries for Home, SAFE, throw by LF to home
Batting: SHB Alfredo Vega 0-0: Swinging Strike
0-1: Ball
1-1: Swinging Strike
1-2: Ball
2-2: Foul Ball, location: 3DF
2-2: Foul Ball, location: 5F
2-2: Ball
3-2: Ground out 1-3 (Groundball, 15S, EV 75.0 MPH)
Top of the 3rd over - 3 runs, 2 hits, 0 errors, 1 left on base; New York (N) 5 - St. Louis 1
BOTTOM OF THE 3RD
St. Louis Cardinals batting - Pitching for New York (N) Mets : RHP Steve Holland
Batting: LHB Sexto Córdova 0-0: Ground out 4-3 (Groundball, 4, EV 100.6 MPH)
Batting: LHB José Esparza 0-0: Ball
1-0: Called Strike
1-1: Ground out U3 (Groundball, 3, EV 106.9 MPH)
Batting: RHB Ed Johnson 0-0: Called Strike
0-1: Called Strike
0-2: Fly out, F4 (Popup, 4, EV 81.3 MPH)
Bottom of the 3rd over - 0 runs, 0 hits, 0 errors, 0 left on base; New York (N) 5 - St. Louis 1
TOP OF THE 4TH
New York (N) Mets batting - Pitching for St. Louis Cardinals : RHP Walt Boisson
Batting: SHB Dave Coffman 0-0: Ball
1-0: Ball
2-0: Ground out 3-1 (Groundball, 34S, EV 89.4 MPH)
Batting: LHB José Núñez 0-0: Ball
1-0: Ball
2-0: Swinging Strike
2-1: Called Strike
2-2: Strikes out swinging
Batting: LHB Danny Kerr 0-0: Ball
1-0: DOUBLE (Line Drive, 89XD, EV 110.6 MPH)
Batting: LHB Joel Wright 0-0: Swinging Strike
0-1: Swinging Strike
0-2: Ball
1-2: Foul Ball, location: 2F
1-2: Strikes out swinging
Top of the 4th over - 0 runs, 1 hit, 0 errors, 1 left on base; New York (N) 5 - St. Louis 1
BOTTOM OF THE 4TH
St. Louis Cardinals batting - Pitching for New York (N) Mets : RHP Steve Holland
Batting: LHB Les Dufour 0-0: SINGLE (Line Drive, 8RS, EV 104.4 MPH)
Batting: RHB Joe Silver 0-0: Called Strike
0-1: Ball
1-1: Ball
2-1: Foul Ball, location: 2F
2-2: Foul Ball, location: 2F
2-2: Strikes out looking
Batting: SHB Pepe Robles 0-0: Called Strike
0-1: Ball
1-1: Called Strike
1-2: Strikes out swinging
Batting: RHB Chris Alexander 0-0: Called Strike
0-1: 2-RUN HOME RUN (Line Drive, 89XD, EV 105.6 MPH), Distance : 411 ft
Batting: RHB Joel Farmer 0-0: Called Strike
0-1: Foul Ball, location: 2F
0-2: Foul Ball, location: 9LDF
0-2: Ground out 4-3 (Groundball, 34D, EV 96.9 MPH)
Bottom of the 4th over - 2 runs, 2 hits, 0 errors, 0 left on base; New York (N) 5 - St. Louis 3
TOP OF THE 5TH
New York (N) Mets batting - Pitching for St. Louis Cardinals : RHP Walt Boisson
Batting: RHB Ottavio Attene 0-0: Ball
1-0: Foul Ball, location: 3FF
1-1: Swinging Strike
1-2: SINGLE (Groundball, 6MD, EV 102.5 MPH)
Pitching: RHP Steve Powell
Batting: LHB Jim Bond 0-0: Called Strike
0-1: Ball
Ottavio Attene steals 2nd base
1-1: Ground out U3 (Groundball, 3, EV 105.6 MPH)
Ottavio Attene to third
Batting: LHB Isaac Miller 0-0: Called Strike
0-1: Ball
1-1: Ball
2-1: Fielders Choice at home, 4-2 (Groundball, 4, EV 101.9 MPH)
Batting: RHB Steve Robinson 0-0: Called Strike
0-1: Foul Ball, location: 2F
0-2: Fly out, F3 (Popup, 3S, EV 74.4 MPH)
Top of the 5th over - 0 runs, 1 hit, 0 errors, 1 left on base; New York (N) 5 - St. Louis 3
BOTTOM OF THE 5TH
St. Louis Cardinals batting - Pitching for New York (N) Mets : RHP Steve Holland
Batting: SHB Bob Wright 0-0: Foul Ball, location: 5FF
0-1: Ball
1-1: Foul Ball, location: 2F
1-2: Ball
2-2: Strikes out swinging
Batting: LHB Sexto Córdova 0-0: DOUBLE (Line Drive, 89XD, EV 103.1 MPH)
Batting: LHB José Esparza 0-0: Ball
1-0: Ground out U3 (Groundball, 34S, EV 81.3 MPH)
Sexto Córdova to third
Batting: RHB Ed Johnson 0-0: Foul Ball, location: 5FF
0-1: Ball
1-1: Swinging Strike
1-2: Strikes out looking
Bottom of the 5th over - 0 runs, 1 hit, 0 errors, 1 left on base; New York (N) 5 - St. Louis 3
TOP OF THE 6TH
New York (N) Mets batting - Pitching for St. Louis Cardinals : RHP Steve Powell
Batting: SHB Alfredo Vega 0-0: Called Strike
0-1: Called Strike
0-2: Strikes out looking
Batting: SHB Dave Coffman 0-0: Ground out 6-3 (Groundball, 4M, EV 109.4 MPH)
Batting: LHB José Núñez 0-0: Fly out, F9 (Line Drive, 89M, EV 83.8 MPH)
Top of the 6th over - 0 runs, 0 hits, 0 errors, 0 left on base; New York (N) 5 - St. Louis 3
BOTTOM OF THE 6TH
St. Louis Cardinals batting - Pitching for New York (N) Mets : RHP Steve Holland
Batting: LHB Les Dufour 0-0: Ball
1-0: Foul Ball, location: 2F
1-1: Fly out, F8 (Flyball, 8LD, EV 100.6 MPH)
Batting: RHB Joe Silver 0-0: Foul Ball, location: 2F
0-1: Fly out, F7 (Flyball, 78S, EV 89.4 MPH)
Batting: SHB Pepe Robles 0-0: Ground out 4-3 (Groundball, 4, EV 102.5 MPH)
Bottom of the 6th over - 0 runs, 0 hits, 0 errors, 0 left on base; New York (N) 5 - St. Louis 3
TOP OF THE 7TH
New York (N) Mets batting - Pitching for St. Louis Cardinals : RHP Steve Powell
Pitching: RHP José Manuel
Batting: LHB Danny Kerr 0-0: Ball
1-0: Foul Ball, location: 2F
1-1: SINGLE (Groundball, 4MD, EV 106.3 MPH)
Batting: LHB Joel Wright 0-0: Called Strike
0-1: Fly out, F7 (Flyball, 78S, EV 95.0 MPH)
Batting: RHB Ottavio Attene 0-0: Ball
1-0: Fly out, F7 (Flyball, 7LM, EV 100.0 MPH)
Batting: LHB Jim Bond 0-0: Called Strike
0-1: Ball
1-1: Swinging Strike
1-2: SINGLE (Groundball, 34D, EV 96.3 MPH)
Danny Kerr to second
Danny Kerr to third
Batting: LHB Isaac Miller 0-0: Swinging Strike
0-1: Called Strike
0-2: Strikes out swinging
Top of the 7th over - 0 runs, 2 hits, 0 errors, 2 left on base; New York (N) 5 - St. Louis 3
BOTTOM OF THE 7TH
St. Louis Cardinals batting - Pitching for New York (N) Mets : RHP Steve Holland
Batting: RHB Chris Alexander 0-0: Ground out 6-3 (Groundball, P, EV 82.5 MPH)
Batting: RHB Joel Farmer 0-0: Ball
1-0: Ball
2-0: Ball
3-0: Called Strike
3-1: Foul Ball, location: 3SF
3-2: Fly out, F8 (Flyball, 8LM, EV 89.4 MPH)
Batting: SHB Bob Wright 0-0: Ball
1-0: Foul Ball, location: 2LF
1-1: DOUBLE (Line Drive, 9LM, EV 96.3 MPH)
Batting: LHB Sexto Córdova 0-0: Ball
1-0: Ground out 5-3 (Groundball, 56S, EV 72.5 MPH)
Bottom of the 7th over - 0 runs, 1 hit, 0 errors, 1 left on base; New York (N) 5 - St. Louis 3
TOP OF THE 8TH
New York (N) Mets batting - Pitching for St. Louis Cardinals : RHP José Manuel
Batting: RHB Steve Robinson 0-0: Ground out 5-3 (Groundball, 56, EV 81.9 MPH)
Batting: SHB Alfredo Vega 0-0: Called Strike
0-1: Ball
1-1: Ball
2-1: Foul Ball, location: 5F
2-2: Strikes out swinging
Batting: SHB Dave Coffman 0-0: Called Strike
0-1: Ball
1-1: Called Strike
1-2: SINGLE (Line Drive, 8LS, EV 92.5 MPH)
Batting: LHB José Núñez 0-0: Fly out, F9 (Line Drive, 9, EV 94.4 MPH)
Top of the 8th over - 0 runs, 1 hit, 0 errors, 1 left on base; New York (N) 5 - St. Louis 3
BOTTOM OF THE 8TH
St. Louis Cardinals batting - Pitching for New York (N) Mets : RHP Steve Holland
Batting: LHB José Esparza 0-0: Ball
1-0: Ball
2-0: Ball
3-0: Called Strike
3-1: Base on Balls
Batting: RHB Ed Johnson 0-0: Ball
1-0: Called Strike
1-1: Called Strike
1-2: Fly out, F6 (Popup, 6M, EV 65.6 MPH)
Batting: LHB Les Dufour 0-0: Foul Ball, location: 7LMF
0-1: Ball
1-1: Ball
2-1: Foul Ball, location: 23FF
2-2: Foul Ball, location: 7LMF
2-2: Strikes out looking
Pitching: RHP Edén Guerra
Batting: RHB Joe Silver 0-0: SINGLE (Line Drive, 6M, EV 95.6 MPH)
José Esparza to second
Runner from 2nd tries for 3rd, SAFE, throw by CF made to third
Batting: SHB Pepe Robles 0-0: Ball
1-0: Ball
2-0: Called Strike
2-1: Ball
3-1: Foul Ball, location: 25F
3-2: Foul Ball, location: 25FF
3-2: Ground out 4-3 (Groundball, 4, EV 109.4 MPH)
Bottom of the 8th over - 0 runs, 1 hit, 0 errors, 2 left on base; New York (N) 5 - St. Louis 3
TOP OF THE 9TH
New York (N) Mets batting - Pitching for St. Louis Cardinals : RHP José Manuel
Batting: LHB Danny Kerr 0-0: Ground out 1-3 (Groundball, 13S, EV 65.0 MPH)
Batting: LHB Joel Wright 0-0: Ball
1-0: Ball
2-0: Foul Ball, location: 2F
2-1: Foul Ball, location: 2F
2-2: Fly out, F9 (Line Drive, 89M, EV 90.0 MPH)
Batting: RHB Ottavio Attene 0-0: Foul Ball, location: 23FF
0-1: Ball
1-1: Ball
2-1: Foul Ball, location: 9LDF
2-2: Ball
3-2: Fly out, F8 (Flyball, 8LXD, EV 106.9 MPH)
Top of the 9th over - 0 runs, 0 hits, 0 errors, 0 left on base; New York (N) 5 - St. Louis 3
BOTTOM OF THE 9TH
St. Louis Cardinals batting - Pitching for New York (N) Mets : RHP Edén Guerra
Pitching: RHP Ron Boyer
Batting: RHB Chris Alexander 0-0: Swinging Strike
0-1: Ball
1-1: SINGLE (Groundball, 4D, EV 95.6 MPH)
Pinch Hitting: SHB Iván Durán 0-0: Ball
1-0: Ball
2-0: Called Strike
2-1: Foul Ball, location: 7LDF
2-2: Strikes out swinging
Batting: SHB Bob Wright 0-0: Ball
1-0: Called Strike
1-1: Swinging Strike
1-2: Ball
Passed Ball!
Chris Alexander to second
2-2: Fly out, F9 (Line Drive, 89M, EV 104.4 MPH)
Batting: LHB Sexto Córdova 0-0: Ball
1-0: Ball
2-0: Ball
3-0: Called Strike
3-1: Ground out 3-1 (Groundball, 34, EV 102.5 MPH)
Bottom of the 9th over - 0 runs, 1 hit, 0 errors, 1 left on base; New York (N) 5 - St. Louis 3
Sunday, March 24th , 2024 - OOTP Baseball 24.10 Build 82